 Dungeon Sprint DCSS version 0.29.1-2-gbd0b4ee654 (webtiles) character file.

Game seed: 17320104609286117370

17500 Zeld the Executioner (level 12, -8/125 HPs)
             Began as a Minotaur Berserker on Oct 25, 2022.
             Was a High Priest of Trog.
             Killed from afar by Lom Lobon (11 damage)
             ... with a vortex
             ... in the Dungeon (Sprint I: "Red Sonja").
             The game lasted 00:10:23 (8406 turns).

Zeld the Executioner (Minotaur Berserker)           Turns: 8406, Time: 00:10:23

Health: -8/125     AC:  7    Str: 27    XL:     12   Next: 19%
Magic:  11/11      EV: 32    Int:  4    God:    Trog [*****.]
Gold:   62         SH:  0    Dex: 10    Spells: 11/11 levels left

rFire   . . .      SeeInvis .   a - +2 executioner's axe (freeze)
rCold   . . .      Faith    .   (shield currently unavailable)
rNeg    . . .      Spirit   .   b - +2 leather armour {rPois}
rPois   +          Reflect  .   (helmet restricted)
rElec   .          Harm     .   (no cloak)
rCorr   +          Rampage  .   (no gloves)
Will    .....      NoTele   +   (no boots)
Stlth   +.........              j - amulet of the acrobat
HPRegen 0.30/turn               u - ring of resist corrosion
MPRegen 0.12/turn               (no ring)

@: acrobatic, flying (expiring)
A: horns 2, retaliatory headbutt
a: Renounce Religion, Berserk, Trog's Hand, Brothers in Arms


You were in the Dungeon.
You worshipped Trog.
Trog was extremely pleased with you.
You visited 1 branch You collected 2139 gold pieces.
You spent 2077 gold pieces at shops.

Inventory:

Hand Weapons
 a - a +2 executioner's axe of freezing (weapon)
 h - a +1 great sword of flaming
Armour
 b - a +2 leather armour of poison resistance (worn)
Jewellery
 j - an amulet of the acrobat (around neck)
 u - a ring of resist corrosion (left hand)
Wands
 i - a wand of charming (10)
 k - a wand of acid (8)
 l - a wand of iceblast (6)
 q - a wand of flame (7)
 C - a wand of polymorph (6)
Scrolls
 o - a scroll of immolation
 p - a scroll of poison
 t - 9 scrolls of identify
 v - a scroll of torment
 y - 2 scrolls of fear
 A - 2 scrolls of enchant weapon
Potions
 c - 10 potions of curing
 d - 2 potions of heal wounds
 e - a potion of haste
 f - 2 potions of magic
 g - a potion of berserk rage
 m - a potion of mutation {unknown}
 n - 2 potions of lignification {unknown}
 s - a potion of degeneration {unknown}
 w - a potion of might
 x - a potion of cancellation
 z - 2 potions of attraction {unknown}
 D - a potion of invisibility


   Skills:
 + Level 17.2 Fighting
 * Level 23.2 Axes
 + Level 17.0 Armour
 + Level 15.7 Dodging


You had 11 spell levels left.
You didn't know any spells.
Your spell library was empty.

Dungeon Overview and Level Annotations

Branches:
Dungeon (1/1)

Altars:
Cheibriados
Dithmenos
Elyvilon
Fedhas
Gozag
Hepliaklqana
Kikubaaqudgha
Makhleb
Nemelex Xobeh
Okawaru
Qazlal
Ru
Sif Muna
Trog
Uskayaw
Vehumet
Wu Jian
Xom
Yredelemnul
Zin
The Shining One
Jiyva
Lugonu

Shops:
D *!(*:!*(?[:*[=([(

Annotations:
D Lernaean hydra, Lom Lobon


Innate Abilities, Weirdness & Mutations

You have a pair of horns on your head.
You reflexively headbutt those who attack you in melee.


Message History

Okay, then.
Lom Lobon screams, "Thy heart shall be my breakfast!"
Lom Lobon gestures at you.
Lom Lobon conjures a mighty blast of ice!
The great icy blast engulfs you!!
You are encased in ice.
There is an open door here.
You enter the shallow water.
Moving in this stuff is going to be slow.
You are engulfed in freezing vapours.
Lom Lobon gestures. 2 ball lightnings come into view.
A ball lightning comes into view.
Lom Lobon gestures.
A freezing vortex appears around Lom Lobon!
Really walk into that cloud of freezing vapour? [Y]es or [N]o only, please.
Really walk into that cloud of freezing vapour? [Y]es or [N]o only, please.
Really walk into that cloud of freezing vapour?
Okay, then.
Press: ? - help, v - describe, . - travel
Here: Lom Lobon (freezing vapour, surrounded by a freezing vortex) Some shallow water.
Your ogre goes berserk!
The ice encasing you melts away.
The ball lightning explodes!
The blast of lightning engulfs your ogre!!!
Your ogre dies!
Your ogre's corpse disappears in a puff of smoke!
The blast of lightning engulfs the ball lightning.
The ball lightning completely resists.
The blast of lightning engulfs Lom Lobon.
Lom Lobon completely resists.
The blast of lightning engulfs you!!!
Ouch! That really hurt!
* * * LOW HITPOINT WARNING * * *
Unknown command.
Unknown command.
The freezing vortex lifts you up.
You fly up into the air.
You die...

#.###..# #.#.+..#
####'#.##*##
###....#.#☼☼§##
####...#### #○°&§##
○ .....###
#○§§○○####### ..○
.#####
####☼○§○#~~~○°#°..○
##
#..#°○○°○~~.○°°.○○○
#
#...##@~#~~~~~#~°○
#....######'###
#....# ≈≈≈≈ ######
~~≈≈≈≈≈ $e~e~~~~~#
$$$$$$$$~~~
############


You could see Lom Lobon (vortex) and a ball lightning (wandering).

Vanquished Creatures
  4 fire giants (D)
  A deep elf annihilator (D)
  A lorocyproca (D)
  A mummy priest (D)
  2 centaur warriors (D)
  Sonja (D)
  A deep troll (D)
  A lindwurm (D)
  2 oklob plants (D)
  A gargoyle (D)
  7 unseen horrors (D)
  2 kobold demonologists (D)
  4 demonic crawlers (D)
  A hellwing (D)
  2 hornets (D)
  A slime creature (D)
  Sigmund (D)
  A yak (D)
  13 hogs (D)
  2 redbacks (D)
  2 floating eyes (D)
  An ogre (D)
  7 necrophages (D)
  8 jellies (D)
  Ijyb (D)
68 creatures vanquished.

Vanquished Creatures (collateral kills)
  A hydra (D)
1 creature vanquished.

Vanquished Creatures (others)
  A deep elf master archer (D)
  2 merfolk sirens (D)
  A gargoyle (D)
  3 hornets (D)
  A floating eye (D)
  2 ball lightnings (D)
  2 ballistomycete spores (D)
12 creatures vanquished.

Grand Total: 81 creatures vanquished

Notes
Turn   | Place    | Note
-------+----------+-------------------------------------------
     0 | D        | Zeld the Minotaur Berserker began the quest for the Orb.
     0 | D        | Reached XP level 1. HP: 19/19 MP: 0/0
     1 | D        | Noticed Ijyb
     7 | D        | Killed Ijyb
     8 | D        | Reached skill level 5 in Axes
     8 | D        | Reached XP level 2. HP: 28/28 MP: 1/1
   271 | D        | Noticed an ogre
   274 | D        | Killed an ogre
   275 | D        | Reached skill level 7 in Axes
   275 | D        | Reached skill level 5 in Armour
   275 | D        | Reached XP level 3. HP: 37/37 MP: 2/2
   275 | D        | Reached XP level 4. HP: 44/44 MP: 3/3
   463 | D        | Noticed Sigmund
   469 | D        | Killed Sigmund
   469 | D        | Reached ** piety under Trog
   470 | D        | Reached skill level 10 in Axes
   470 | D        | Reached XP level 5. HP: 52/52 MP: 4/4
   470 | D        | Reached XP level 6. HP: 60/60 MP: 5/5
   644 | D        | Found a burning altar of Makhleb.
   644 | D        | Found a viscous altar of Jiyva.
   644 | D        | Found a shimmering altar of Xom.
   644 | D        | Found a corrupted altar of Lugonu.
   644 | D        | Noticed a slime creature
   648 | D        | Killed a slime creature
   649 | D        | Reached skill level 11 in Axes
   850 | D        | Noticed a kobold demonologist
   850 | D        | Noticed a floating eye
   850 | D        | Noticed a kobold demonologist
   853 | D        | Noticed an ice devil
   853 | D        | Killed a floating eye
   854 | D        | Reached skill level 12 in Axes
   854 | D        | Reached XP level 7. HP: 70/70 MP: 6/6
   855 | D        | Noticed a soul eater
   857 | D        | Noticed a neqoxec
   862 | D        | Killed a kobold demonologist
   862 | D        | Reached *** piety under Trog
   863 | D        | Reached skill level 13 in Axes
   865 | D        | Killed a kobold demonologist
   866 | D        | Reached skill level 10 in Fighting
   866 | D        | Reached XP level 8. HP: 79/79 MP: 7/7
   943 | D        | Found an ornate altar of the Wu Jian Council.
   943 | D        | Found a shimmering blue altar of Sif Muna.
   945 | D        | Found a radiant altar of Vehumet.
   982 | D        | Found Gooxt's Distillery.
   982 | D        | Found an ancient bone altar of Kikubaaqudgha.
   982 | D        | Found a hazy altar of Hepliaklqana.
   982 | D        | Found a hide-covered altar of Uskayaw.
   982 | D        | Found a basalt altar of Yredelemnul.
   982 | D        | Found an opulent altar of Gozag.
   982 | D        | Found a snail-covered altar of Cheibriados.
   982 | D        | Found a sacrificial altar of Ru.
   982 | D        | Found a shadowy altar of Dithmenos.
   988 | D        | Found a stormy altar of Qazlal.
   988 | D        | Found a blossoming altar of Fedhas.
   988 | D        | Found a bloodstained altar of Trog.
   988 | D        | Found an iron altar of Okawaru.
   988 | D        | Found a glowing golden altar of the Shining One.
   988 | D        | Found a glowing silver altar of Zin.
   988 | D        | Found a white marble altar of Elyvilon.
   994 | D        | Reached **** piety under Trog
   995 | D        | Reached skill level 14 in Axes
   995 | D        | Reached skill level 10 in Armour
   996 | D        | Found a sparkling altar of Nemelex Xobeh.
  1000 | D        | Bought a potion of curing for 36 gold pieces
  1000 | D        | Bought a potion of heal wounds for 60 gold pieces
  1000 | D        | Bought a potion of curing for 36 gold pieces
  1000 | D        | Bought a potion of heal wounds for 60 gold pieces
  1000 | D        | Bought a potion of heal wounds for 60 gold pieces
  1137 | D        | Noticed Sonja
  1141 | D        | Killed Sonja
  1142 | D        | Reached skill level 15 in Axes
  1142 | D        | Reached skill level 10 in Dodging
  1398 | D        | Found Rumauz's Assorted Antiques.
  1406 | D        | Bought a pink potion for 18 gold pieces
  1406 | D        | Bought a bubbling blue potion for 18 gold pieces
  1406 | D        | Bought a potion of curing for 60 gold pieces
  1418 | D        | Noticed a deep troll
  1424 | D        | Killed a deep troll
  1425 | D        | Reached skill level 16 in Axes
  1425 | D        | Reached XP level 9. HP: 90/90 MP: 8/8
  1465 | D        | Found Jaeliud's Armour Emporium.
  1618 | D        | Noticed a centaur warrior
  1618 | D        | Noticed a centaur warrior
  1642 | D        | Killed a centaur warrior
  1645 | D        | Killed a centaur warrior
  1645 | D        | Reached ***** piety under Trog
  1646 | D        | Reached skill level 17 in Axes
  2009 | D        | Noticed an oklob plant
  2018 | D        | Killed an oklob plant
  2019 | D        | Reached XP level 10. HP: 101/101 MP: 9/9
  2129 | D        | Reached skill level 18 in Axes
  2255 | D        | Killed a gargoyle
  2306 | D        | Received a gift from Trog
  2486 | D        | Reached ****** piety under Trog
  2762 | D        | Found Enenoete's Assorted Antiques.
  2763 | D        | Found Heilam's Jewellery Boutique.
  2763 | D        | Found Biwobow's Weapon Shop.
  2763 | D        | Found Awipu's Antique Weapon Emporium.
  2764 | D        | Found Diassor's Book Boutique.
  2765 | D        | Found Beaf's Weapon Emporium.
  2782 | D        | Identified the +1 scale mail of Tenacity {rF+ Str+2}
  2786 | D        | Identified the +10 flail of Perfectionism {vamp, rC+++
                  | rCorr Int-5 Stlth-}
  2792 | D        | Found Nonkoage's Distillery.
  2792 | D        | Found Qajopuo's Assorted Antiques.
  2792 | D        | Found Nurre's Weapon Shoppe.
  2792 | D        | Found Fypsoq's Magic Scroll Boutique.
  2792 | D        | Found Kipy's Antique Armour Emporium.
  2792 | D        | Found Jamm's Book Shop.
  2792 | D        | Found Hutoschay's General Store.
  2795 | D        | Bought a fizzy silvery potion for 20 gold pieces
  2795 | D        | Bought a wand of charming (4) for 220 gold pieces
  2795 | D        | Bought a puce potion for 20 gold pieces
  2795 | D        | Bought a scroll labelled PEEGRI AWOSUI for 23 gold pieces
  2795 | D        | Bought an onyx ring for 115 gold pieces
  2795 | D        | Bought a scroll labelled PEEGRI AWOSUI for 23 gold pieces
  2795 | D        | Bought a scroll labelled GAIWOI POOXZA for 23 gold pieces
  2796 | D        | Found Meyfrim's Armour Boutique.
  2798 | D        | Bought 2 potions of curing for 84 gold pieces
  2798 | D        | Bought a potion of heal wounds for 70 gold pieces
  2798 | D        | Bought a potion of might for 56 gold pieces
  2799 | D        | Bought a bubbling blue potion for 24 gold pieces
  2931 | D        | Reached skill level 19 in Axes
  2934 | D        | Received a gift from Trog
  2938 | D        | Noticed a gargoyle
  2945 | D        | Killed a gargoyle
  3151 | D        | Noticed a lindwurm
  3165 | D        | Killed a lindwurm
  3423 | D        | Reached skill level 20 in Axes
  3428 | D        | Reached XP level 11. HP: 111/111 MP: 10/10
  3432 | D        | Received a gift from Trog
  3447 | D        | Reached skill level 15 in Fighting
  3453 | D        | Received a gift from Trog
  3463 | D        | Reached skill level 15 in Armour
  3797 | D        | Noticed a daeva
  3822 | D        | Reached skill level 21 in Axes
  5117 | D        | Noticed a fire giant
  5141 | D        | Killed a fire giant
  5141 | D        | Received a gift from Trog
  5318 | D        | Noticed a fire giant
  5327 | D        | Killed a fire giant
  5587 | D        | Noticed a 12-headed hydra
  5668 | D        | Killed a 12-headed hydra
  5669 | D        | Reached skill level 22 in Axes
  5778 | D        | Noticed a deep elf annihilator
  5778 | D        | Noticed a fire giant
  5806 | D        | Killed a fire giant
  5806 | D        | Received a gift from Trog
  5807 | D        | Reached skill level 15 in Dodging
  6257 | D        | Noticed a fire giant
  6265 | D        | Killed a fire giant
  6603 | D        | Bought a scroll of identify for 20 gold pieces
  6603 | D        | Bought a scroll of fear for 40 gold pieces
  6603 | D        | Bought a scroll of identify for 20 gold pieces
  6603 | D        | Bought a scroll of enchant weapon for 75 gold pieces
  6603 | D        | Bought a scroll of identify for 20 gold pieces
  6603 | D        | Bought a scroll of identify for 20 gold pieces
  6603 | D        | Bought a scroll of brand weapon for 95 gold pieces
  6606 | D        | Bought a scroll of enchant weapon for 75 gold pieces
  6606 | D        | Bought a scroll of identify for 20 gold pieces
  6606 | D        | Bought a scroll of fear for 40 gold pieces
  6611 | D        | Bought a scroll of identify for 54 gold pieces
  6611 | D        | Bought 2 scrolls of identify for 108 gold pieces
  6611 | D        | Bought a sapphire potion for 24 gold pieces
  6611 | D        | Bought a scroll of identify for 54 gold pieces
  6611 | D        | Bought a crooked fluorescent wand for 108 gold pieces
  6611 | D        | Bought a scroll of identify for 54 gold pieces
  6612 | D        | Bought a potion of invisibility for 112 gold pieces
  6685 | D        | Killed a deep elf annihilator
  6686 | D        | Reached XP level 12. HP: 119/124 MP: 11/11
  6704 | D        | Noticed a mummy priest
  6946 | D        | Noticed the 27-headed Lernaean hydra
  7408 | D        | Killed a lorocyproca
  7409 | D        | Reached skill level 23 in Axes
  7816 | D        | Bought a potion of cancellation for 112 gold pieces
  8084 | D        | Killed a mummy priest
  8157 | D        | Noticed a deep elf master archer
  8337 | D        | Killed a deep elf master archer
  8401 | D        | Noticed Lom Lobon
  8405 | D        | HP: 2/125 [spore (66)]
  8406 | D        | Killed from afar by Lom Lobon

Illustrated notes

Levels and vault maps discovered:
D:        dungeon_sprint_1 [red_sonja_temple_1, red_sonja_temple_small_1]

Skill      XL: |  1  2  3  4  5  6  7  8  9 10 11 12 |
---------------+-------------------------------------+-----
Fighting       | 4 6 7 9 10 11 13 14 16 17 | 17.2
Axes           | 5 7 10 12 13 16 17 20 22 23 | 23.2
Armour         | 3 5 7 8 9 11 12 14 16 17 | 17.0
Dodging        | 3 4 6 7 9 10 11 13 15 | 15.7

Action                   |  1- 3 |  4- 6 |  7- 9 | 10-12 || total
-------------------------+-------+-------+-------+-------++-------
Melee: Hand axe          |     6 |     8 |    58 |   139 ||   211
       Headbutt          |     2 |     2 |     9 |    54 ||    67
       Punch             |       |       |     1 |     2 ||     3
       Battleaxe         |       |       |       |    27 ||    27
       Executioner's axe |       |       |       |    31 ||    31
       Broad axe         |       |       |       |    13 ||    13
Invok: Berserk           |     2 |     3 |     4 |    11 ||    20
       Brothers in Arms  |       |       |       |     4 ||     4
Evoke: Wand              |       |       |     4 |       ||     4
  Use: Potion            |       |       |       |     4 ||     4
       Scroll            |       |       |       |     7 ||     7
Armor: Leather armour    |       |     1 |    15 |    55 ||    71
Dodge: Dodged            |     1 |     2 |    26 |   160 ||   189
